 Dungeon Crawl Stone Soup version 0.29.1-13-g9f3cf754e1 (webtiles) character file.

Game seed: 7177223289846752467

12 BeingJoeMalik the Stinger (level 2, 0/19 HPs)
             Began as a Demonspawn Venom Mage on Feb 2, 2023.
             Succumbed to an adder's poison
             ... on level 1 of the Dungeon.
             The game lasted 00:08:34 (1621 turns).

BeingJoeMalik the Stinger (Demonspawn Venom Mage)   Turns: 1621, Time: 00:08:35

Health: 0/19       AC:  2    Str:  8    XL:     2   Next: 20%
Magic:  0/5        EV: 16    Int: 16    God:
Gold:   16         SH:  0    Dex: 13    Spells: 2/5 levels left

rFire   + . .      SeeInvis .   (no weapon)
rCold   . . .      Faith    .   (no shield)
rNeg    . . .      Spirit   .   a - +0 robe
rPois   .          Reflect  .   (no helmet)
rElec   .          Harm     .   (no cloak)
rCorr   .          Rampage  .   (no gloves)
Will    .....                   (no boots)
Stlth   ++........              (no amulet)
HPRegen 0.06/turn               d - +4 ring of evasion
MPRegen 0.09/turn               e - ring of protection from fire

@: lethally poisoned (0 -> -7), invisible
A: demonic magic 1
a: no special abilities


You were on level 1 of the Dungeon.
You visited 1 branch of the dungeon, and saw 2 of its levels.

You collected 16 gold pieces.

Inventory:

Armour
 a - a +0 robe (worn)
Jewellery
 d - a +4 ring of evasion (left hand)
 e - a ring of protection from fire (right hand)
Scrolls
 c - a scroll of identify {unknown}
 h - a scroll of enchant armour {unknown}
Potions
 b - a potion of magic
 g - a potion of attraction {unknown}


   Skills:
 - Level 1.7 Dodging
 - Level 1.7 Stealth
 + Level 2.3 Spellcasting
 - Level 1.0 Transmutations
 + Level 3.4 Poison Magic


You had 2 spell levels left.
You knew the following spells:

 Your Spells              Type           Power      Damage    Failure   Level
a - Sting                 Tmut/Pois      32%        1d4       9%          1
b - Poisonous Vapours     Pois/Air       14%        N/A       16%         2

Your spell library contained the following spells:

 Spells                   Type           Power      Damage    Failure   Level
 Mephitic Cloud           Conj/Pois/Air  5%         N/A       36%         3
 Olgreb's Toxic Radiance  Pois           12%        N/A       45%         4


Dungeon Overview and Level Annotations

Branches:
Dungeon (2/15)

Altars:


Innate Abilities, Weirdness & Mutations

Spells you cast may paralyse adjacent enemies.


Message History

Confirm with . or Enter, or press ? or * to list all spells.
Aiming: Sting (safe; 9% risk of failure)
Press: ? - help, Shift-Dir - straight line, f/p - adder
Aim: an adder (lightly wounded, poisoned, 48% to hit)
The sting hits the adder.
The adder looks even sicker.
The adder is moderately wounded.
Malevolent energies surge around you. The adder bites you.
You are poisoned.
The adder poisons you!
You climb upwards.
You feel very sick.
There is a stone staircase leading down here.
Casting: Sting (safe; 9% risk of failure)
Confirm with . or Enter, or press ? or * to list all spells.
Aiming: Sting (safe; 9% risk of failure)
Press: ? - help, Shift-Dir - straight line, f - adder
Aim: an adder (lightly wounded, very poisoned, 48% to hit)
The sting misses the adder.
Malevolent energies surge around you.
You feel sick. The adder bites you.
You are lethally poisoned!
The adder poisons you!
Casting: Sting (safe; 9% risk of failure)
Confirm with . or Enter, or press ? or * to list all spells.
Aiming: Sting (safe; 9% risk of failure)
Press: ? - help, Shift-Dir - straight line, f/p - adder
Aim: an adder (lightly wounded, very poisoned, 48% to hit)
The sting hits the adder.
The adder looks even sicker.
The adder is moderately wounded.
Malevolent energies surge around you.
You feel sick. The adder barely misses you. The adder bites you.
You miss the adder.
The adder is heavily wounded.
* * * LOW HITPOINT WARNING * * *
You feel sick. The adder bites you.
* * * LOW HITPOINT WARNING * * *
Unknown command.
It was a potion of invisibility.
You fade into invisibility!
You die...

#..♣♣♣..♣♣♣.♣♣......
#...♣♣.♣♣♣.♣♣♣♣.....
#...♣♣♣♣♣..♣♣♣.#...#
###.♣♣♣..♣.♣.♣##...#
#..♣♣♣♣♣_.♣..'....
#..♣♣♣♣♣♣♣♣♣##...#
#..♣.♣..♣♣♣♣♣#...#
#####............#...#
#...S@...........#...#
#.........[......#...#
#................#...#
#................#...#
#####♣.♣###......##.##
#.)###......##.#♣
####♣.♣..#...#####...
#...#........# ###♣
#...♣.♣......##


You could see an adder (unable to see you, very poisoned).

Vanquished Creatures
  A giant cockroach (D:1)
  2 goblins (D:1)
  A hobgoblin (D:1)
  3 jackals (D:1)
  A quokka (D:1)
  2 rats (D:1)
  2 bushes (D:1)
12 creatures vanquished.

Notes
Turn   | Place    | Note
-------+----------+-------------------------------------------
     0 | D:1      | BeingJoeMalik the Demonspawn Venom Mage began the quest for
                  | the Orb.
     0 | D:1      | Reached XP level 1. HP: 13/13 MP: 3/3
   478 | D:1      | Reached skill level 1 in Transmutations
   478 | D:1      | Gained mutation: Spells you cast may paralyse adjacent
                  | enemies. [demonic ancestry]
   478 | D:1      | Reached XP level 2. HP: 19/19 MP: 0/5
   886 | D:1      | Found a faded altar of an unknown god.
  1108 | D:1      | Learned a level 2 spell: Poisonous Vapours
  1621 | D:1      | Succumbed to an adder's poison

Illustrated notes

Levels and vault maps discovered:
D:1:      lightli_arrival_statuegarden, layout_basic,
          chequers_ecumenical_altar_grove, serial_forest,
          infiniplex_forest_clump_small, infiniplex_forest_lined_room_,
          infiniplex_forest_straight_3, infiniplex_forest_zigzag_1,
          infiniplex_forest_corner_1, infiniplex_forest_end_2,
          infiniplex_forest_lined_1, infiniplex_forest_side_room,
          infiniplex_forest_lined_room_, infiniplex_forest_lined_2,
          roderic_serpentine_path
D:2:      layout_rooms

Skill      XL: |  1 |
---------------+----+-----
Transmutations | 1 |  1.0
Dodging        | |  1.7
Stealth        | |  1.7
Spellcasting   | |  2.3
Poison Magic   | |  3.4

Action                   || total
-------------------------++-------
Melee: Unarmed           ||   231
       Punch             ||     4
 Cast: Sting             ||    43
       Poisonous Vapours ||     1
  Use: Potion            ||     1
 Stab: Paralysed         ||     1
Armor: Robe              ||     1
Dodge: Dodged            ||    13
